 Dungeon Crawl Stone Soup version 0.28.0-53-g5a82cb258f (webtiles) character file.

Game seed: 2410489538673934546

646 bwicke the Chiller (level 7, -5/67 HPs)
             Began as an Ogre Wanderer on Aug 11, 2022.
             Was a Priest of Ignis.
             Slain by a hornet (11 damage)
             ... on level 4 of the Dungeon.
             The game lasted 00:14:05 (4082 turns).

bwicke the Chiller (Ogre Wanderer)                  Turns: 4082, Time: 00:14:05

Health: -5/67      AC:  3    Str: 18    XL:     7   Next: 52%
Magic:  17/17      EV:  9    Int: 13    God:    Ignis [***...]
Gold:   114        SH:  0    Dex:  9    Spells: 4/8 levels left

rFire   + . .      SeeInvis .   a - +3 mace (flame)
rCold   + . .      Faith    .   (no shield)
rNeg    . . .      Spirit   .   b - +0 robe
rPois   .          Reflect  .   (helmet restricted)
rElec   .          Harm     .   (no cloak)
rCorr   .          Rampage  .   (gloves unavailable)
Will    .....                   (boots unavailable)
Stlth   +.........              u - amulet of the acrobat
HPRegen 0.21/turn               q - ring of protection from cold
MPRegen 0.15/turn               s - ring of magical power

@: flying, slowed, invisible, very slow
A: large, unfitting armour, tough skin 1
a: Renounce Religion, Fiery Armour, Foxfire Swarm, Rising Flame


You were on level 4 of the Dungeon.
You worshipped Ignis.
Ignis was most pleased with you.
You visited 1 branch of the dungeon, and saw 4 of its levels.
You also visited: Sewer.

You collected 114 gold pieces.

Inventory:

Hand Weapons
 a - a +3 mace of flaming (weapon)
 c - a +0 spear
 j - a +0 falchion
Missiles
 f - 43 sling bullets
Armour
 b - a +0 robe (worn)
Jewellery
 q - a ring of protection from cold (left hand)
 s - a ring of magical power (right hand)
 u - an amulet of the acrobat (around neck)
Wands
 o - a wand of acid (9)
 x - a wand of charming (5)
Scrolls
 d - a scroll of holy word
 g - 2 scrolls of fog
 k - a scroll of silence {unknown}
 m - a scroll of enchant weapon {unknown}
 r - a scroll of enchant armour {unknown}
 v - a scroll of blinking
 w - a scroll of magic mapping
Potions
 e - 2 potions of flight
 h - a potion of attraction {unknown}
 i - a potion of resistance {unknown}
 l - 2 potions of lignification {unknown}
 p - a potion of degeneration {unknown}
 t - a potion of heal wounds {unknown}


   Skills:
 - Level 3.0 Fighting
 + Level 4.4 Maces & Flails
 - Level 1.0 Dodging
 - Level 1.2 Spellcasting
 - Level 6.9 Ice Magic


You had 4 spell levels left.
You knew the following spells:

 Your Spells              Type           Power      Damage    Failure   Level
a - Freeze                Ice            72%        1d9       1%          1
b - Ozocubu's Armour      Ice            18%        N/A       4%          3

Your spell library contained the following spells:

 Spells                   Type           Power      Damage    Failure   Level
 Animate Skeleton         Necr           0%         N/A       28%         1
 Apportation              Tloc           0%         N/A       28%         1
 Corpse Rot               Necr/Air       0%         N/A       38%         2
 Inner Flame              Hex/Fire       0%         N/A       63%         3
 Spider Form              Tmut/Pois      0%         N/A       63%         3
 Animate Dead             Necr           0%         N/A       95%         4
 Sticky Flame             Conj/Fire      0%         2d3       95%         4
 Alistair's Intoxication  Tmut/Pois      0%         N/A       100%        5
 Fireball                 Conj/Fire      0%         3d3       100%        5
 Starburst                Conj/Fire      0%         6d3       100%        6
 Infestation              Necr           0%         N/A       100%        8


Dungeon Overview and Level Annotations

Branches:
Dungeon (4/15)              Sewer (visited)
 Temple: D:4-7

Altars:
Wu Jian
Ignis

Annotations:
D:4 Natasha


Innate Abilities, Weirdness & Mutations

You are too large for most types of armour.
You have tough skin. (AC +1)


Message History

The hornet is lightly wounded.
The hornet stings you!
* * * LOW HITPOINT WARNING * * *
You feel as though you will be slow longer.
The hornet stings you!
* * * LOW HITPOINT WARNING * * *
You feel as though you will be slow longer.
Activating: Foxfire Swarm
Press: ? - help, Dir - look around, f - activate Flames leap up around you!
The hornet closely misses you.
The hornet stings you but does no damage.
Your foxfire dissipates!
The foxfire hits the hornet.
The hornet is lightly wounded.
The foxfire hits the hornet but does no damage.
The hornet is lightly wounded.
The foxfire hits the hornet.
The hornet is moderately wounded.
The foxfire hits the hornet.
The hornet is moderately wounded.
The foxfire hits the hornet.
The hornet is heavily wounded.
The foxfire hits the hornet.
The hornet is heavily wounded.
The foxfire hits the hornet but does no damage.
The hornet is heavily wounded.
The foxfire hits the hornet but does no damage.
The hornet is heavily wounded.
The hornet misses you.
Natasha, Servant of Life and Death comes into view.
Natasha hisses angrily.
You see here a +0 giant club.
You fade into invisibility!
Your foxfire dissipates!
Natasha mumbles some strange words.
You see here the felid skeleton of Natasha.
It was a potion of flight.
You feel very buoyant.
You fly up into the air.
Natasha barely misses you. The hornet stings you!
You die...

# #...####.##..# #.#
#.#...##......## #.#
#.#...##.#.#### #.#
#.....##.#.# ##.#
###.#.[....#.# #..#
#.........##.## ####
#.......##..# #.
#...(..÷###.# #.
#.y...##h@.÷...# #.
....#
#.y####..##########.
........##
##.............
........#
#....##########
........# #.#..###
#. .........
#.##...## #.
.........###.
#.#..## #.
.............
#.##..#####.
#.##.#####..#
#.###.......


You could see a hornet and Natasha.

Vanquished Creatures
  A necrophage (D:4)
  An ogre (D:4)
  2 bullfrogs (Sewer)
  A scorpion (D:3)
  A howler monkey (D:4)
  Natasha (twice) (D:4)
  7 adders
  2 river rats (D:4)
  An adder skeleton (D:4)
  10 bats
  15 endoplasms
  15 giant cockroaches
  7 goblins
  4 hobgoblins
  8 quokkas
  13 ball pythons
  8 frilled lizards
  12 kobolds
  7 rats
117 creatures vanquished.

Vanquished Creatures (collateral kills)
  A ball python (D:2)
1 creature vanquished.

Vanquished Creatures (others)
  16 foxfires (D:4)
16 creatures vanquished.

Grand Total: 134 creatures vanquished

Notes
Turn   | Place    | Note
-------+----------+-------------------------------------------
     0 | D:1      | bwicke the Ogre Wanderer began the quest for the Orb.
     0 | D:1      | bwicke set off with the following items: a +3 mace, a +0
                  | robe; and the following spell memorised: Freeze; and the
                  | following spells available to memorise: Ozocubu's Armour
     0 | D:1      | Reached XP level 1. HP: 22/22 MP: 2/2
    50 | D:1      | Reached skill level 2 in Ice Magic
    54 | D:1      | Reached XP level 2. HP: 21/29 MP: 1/3
   422 | D:1      | Reached XP level 3. HP: 28/36 MP: 2/4
  1174 | D:1      | Found a faded altar of an unknown god.
  1420 | D:1      | Prayed at the altar of an unknown god.
  1420 | D:1      | Became a worshipper of Ignis, the Dying Flame
  1507 | D:2      | Found an ornate altar of the Wu Jian Council.
  1563 | D:2      | Got Sif Muna's Guide on the Virous Arsonist
  1844 | D:2      | Reached skill level 3 in Ice Magic
  1844 | D:2      | Reached XP level 4. HP: 44/44 MP: 2/5
  2472 | D:3      | Noticed a scorpion
  2477 | D:3      | Killed a scorpion
  2478 | D:3      | Reached skill level 4 in Ice Magic
  2478 | D:3      | Reached XP level 5. HP: 39/53 MP: 6/6
  2776 | D:3      | Got the Compendium of Ghastly Ignition
  2953 | D:4      | Noticed Natasha
  2970 | D:4      | Killed Natasha
  3219 | D:4      | Noticed Natasha
  3221 | D:4      | Noticed an ogre
  3221 | D:4      | Noticed a necrophage
  3228 | D:4      | Killed Natasha
  3228 | D:4      | Killed an ogre
  3229 | D:4      | Reached skill level 5 in Ice Magic
  3229 | D:4      | Reached XP level 6. HP: 42/61 MP: 7/7
  3239 | D:4      | Killed a necrophage
  3245 | D:4      | Reached skill level 6 in Ice Magic
  3249 | D:4      | Learned a level 3 spell: Ozocubu's Armour
  3297 | D:4      | Reached XP level 7. HP: 37/67 MP: 8/8
  3335 | D:4      | Found a glowing drain.
  3387 | Sewer    | Entered a sewer
  4066 | D:4      | Noticed a hornet
  4074 | D:4      | Paralysed by a hornet for 3 turns
  4079 | D:4      | Noticed Natasha
  4082 | D:4      | Slain by a hornet

Illustrated notes

Levels and vault maps discovered:
D:1:      psy_arrival_whirlpool, layout_basic,
          shapermc_ecumenical_altar_notcrosses, minmay_pentomino_w4
D:2:      layout_basic, basic_altar, guppyfry_early_lair_pool
D:3:      layout_basic
D:4:      layout_rooms, gup_sewer_entry_bubbles, uniq_natasha

Skill      XL: |  1  2  3  4  5  6 |
---------------+-------------------+-----
Ice Magic      | 2 3 4 5 6 |  6.9
Maces & Flails | 4 |  4.4
Fighting       | 3 |  3.0
Dodging        | |  1.0
Spellcasting   | |  1.2

Action                   |  1- 3 |  4- 6 |  7- 9 || total
-------------------------+-------+-------+-------++-------
Melee: Mace              |    90 |    58 |    98 ||   246
       Punch             |     2 |     1 |     1 ||     4
 Cast: Freeze            |    14 |     7 |    10 ||    31
       Ozocubu's Armour  |       |       |     5 ||     5
Invok: Fiery Armour      |       |     2 |     1 ||     3
       Foxfire Swarm     |       |     1 |     1 ||     2
  Use: Scroll            |     5 |       |     1 ||     6
       Potion            |       |       |     2 ||     2
Armor: Robe              |    52 |    36 |    55 ||   143
Dodge: Dodged            |    65 |    41 |    68 ||   174
